PIO (24 & UNDER)
JASPER COUGARS @ SURREY SINNERS
09/25/2025
 
TOP OF THE 1ST
Jasper Cougars batting - Pitching for Surrey Sinners : RHP Tomás Silva
Pitching: RHP Tomás Silva
Batting: RHB Juan Carlos 0-0: Called Strike
0-1: Ball
1-1: Ball
2-1: Foul Ball, location: 2F
2-2: Ball
3-2: Foul Ball, location: 2F
3-2: Fly out, F2 (Popup, 25F)
Batting: LHB Jon Rogers 0-0: Foul Ball, location: 2F
0-1: SINGLE (Groundball, 4MD) (infield hit)
Batting: RHB Jorge Romero 0-0: SINGLE (Groundball, 4MD)
Jon Rogers to second
Runner from 2nd tries for 3rd, SAFE, throw made to third
Batting: RHB George Reeves 0-0: DOUBLE (Line Drive, 5D)
Jon Rogers scores
Jorge Romero to third
Runner from 3rd tries for Home, SAFE, throw made at trailing runner, OUT at third!
Batting: LHB Kyle Harrison 0-0: SINGLE (Line Drive, 6D)
Batting: LHB Jon Scott 0-0: Called Strike
0-1: Ball
1-1: Ground out 4-3 (Groundball, 4)
Top of the 1st over - 2 run(s), 4 hit(s), 0 error(s), 1 left on base; Jasper 2 - Surrey 0
BOTTOM OF THE 1ST
Surrey Sinners batting - Pitching for Jasper Cougars : RHP Pancho Hernández
Pitching: RHP Pancho Hernández
Batting: RHB Augusto Trevino 0-0: Foul Ball, location: 2F
0-1: Ball
1-1: Foul Ball, location: 2F
1-2: Foul Ball, location: 2F
1-2: Ball
2-2: Strikes out swinging
Batting: RHB Jamie Swyers 0-0: Ball
1-0: Ball
2-0: Foul Ball, location: 2F
2-1: Ball
3-1: Ground out 5-3 (Groundball, 5L)
Batting: RHB Marcos Liñares 0-0: Called Strike
0-1: Ground out 1-3 (Groundball, 15S)
Bottom of the 1st over - 0 run(s), 0 hit(s), 0 error(s), 0 left on base; Jasper 2 - Surrey 0
TOP OF THE 2ND
Jasper Cougars batting - Pitching for Surrey Sinners : RHP Tomás Silva
Batting: SHB Carlos Córdova 0-0: Ball
1-0: Called Strike
1-1: Foul Ball, location: 2F
1-2: Foul Ball, location: 2F
1-2: Strikes out swinging
Batting: RHB Jesús Velásquez 0-0: Ball
1-0: Ball
2-0: Ball
3-0: Base on Balls
Batting: RHB Neil Weeks 0-0: Called Strike
0-1: Ball
1-1: Ball
2-1: Ball
3-1: Swinging Strike
3-2: Strikes out swinging
Batting: RHB Juan Carlos 0-0: Ball
1-0: Fly out, F8 (Line Drive, 8LM)
Top of the 2nd over - 0 run(s), 0 hit(s), 0 error(s), 1 left on base; Jasper 2 - Surrey 0
BOTTOM OF THE 2ND
Surrey Sinners batting - Pitching for Jasper Cougars : RHP Pancho Hernández
Batting: RHB Cooper Richard 0-0: Foul Ball, location: 2F
0-1: Ball
1-1: Called Strike
1-2: SINGLE (Line Drive, 4D)
Batting: RHB Daniel Santiago 0-0: Ball
1-0: Swinging Strike
1-1: Ball
2-1: Foul Ball, location: 2F
2-2: Foul Ball, location: 2F
2-2: Fly out, F8 (Flyball, 8RM)
Batting: LHB Patrick Ferguson 0-0: Ball
1-0: Swinging Strike
1-1: Called Strike
1-2: Ball
2-2: Foul Ball, location: 2F
2-2: Foul Ball, location: 2F
2-2: Strikes out looking
Batting: LHB Tony Smith 0-0: Ball
Cooper Richard steals 2nd base
1-0: Ball
2-0: Called Strike
2-1: Ball
3-1: Base on Balls
Batting: LHB José Blanco 0-0: Ball
1-0: Ball
2-0: Fly out, F8 (Flyball, 78M)
Bottom of the 2nd over - 0 run(s), 1 hit(s), 0 error(s), 2 left on base; Jasper 2 - Surrey 0
TOP OF THE 3RD
Jasper Cougars batting - Pitching for Surrey Sinners : RHP Tomás Silva
Batting: LHB Jon Rogers 0-0: Swinging Strike
0-1: Ball
1-1: Ball
2-1: Foul Ball, location: 2F
2-2: Strikes out looking
Batting: RHB Jorge Romero 0-0: Ball
1-0: Called Strike
1-1: Swinging Strike
1-2: Ball
2-2: Foul Ball, location: 2F
2-2: Ball
3-2: Strikes out swinging
Batting: RHB George Reeves 0-0: SINGLE (Line Drive, 34)
Batting: LHB Kyle Harrison 0-0: Ball
1-0: Ball
2-0: Ground out 4-3 (Groundball, 4)
Top of the 3rd over - 0 run(s), 1 hit(s), 0 error(s), 1 left on base; Jasper 2 - Surrey 0
BOTTOM OF THE 3RD
Surrey Sinners batting - Pitching for Jasper Cougars : RHP Pancho Hernández
Batting: RHB Ryan Parrish 0-0: Swinging Strike
0-1: SINGLE (Groundball, 56D)
Batting: RHB Augusto Trevino 0-0: Grounds into double play, 4-6-3 (Groundball, 4)
Batting: RHB Jamie Swyers 0-0: Ball
1-0: Foul Ball, location: 2F
1-1: Foul Ball, location: 2F
1-2: Strikes out swinging
Bottom of the 3rd over - 0 run(s), 1 hit(s), 0 error(s), 0 left on base; Jasper 2 - Surrey 0
TOP OF THE 4TH
Jasper Cougars batting - Pitching for Surrey Sinners : RHP Tomás Silva
Batting: LHB Jon Scott 0-0: Called Strike
0-1: Swinging Strike
0-2: Ball
1-2: Strikes out swinging
Batting: SHB Carlos Córdova 0-0: Ball
1-0: Ball
2-0: Foul Ball, location: 2F
2-1: Ball
3-1: Foul Ball, location: 2F
3-2: Strikes out swinging
Batting: RHB Jesús Velásquez 0-0: Foul Ball, location: 2F
0-1: Foul Ball, location: 2F
0-2: Strikes out looking
Top of the 4th over - 0 run(s), 0 hit(s), 0 error(s), 0 left on base; Jasper 2 - Surrey 0
BOTTOM OF THE 4TH
Surrey Sinners batting - Pitching for Jasper Cougars : RHP Pancho Hernández
Batting: RHB Marcos Liñares 0-0: Ball
1-0: Called Strike
1-1: Ball
2-1: Swinging Strike
2-2: Strikes out swinging
Batting: RHB Cooper Richard 0-0: Ball
1-0: Ball
2-0: Called Strike
2-1: Fly out, F4 (Line Drive, 34D)
Batting: RHB Daniel Santiago 0-0: Foul Ball, location: 2F
0-1: Foul Ball, location: 2F
0-2: Strikes out looking
Bottom of the 4th over - 0 run(s), 0 hit(s), 0 error(s), 0 left on base; Jasper 2 - Surrey 0
TOP OF THE 5TH
Jasper Cougars batting - Pitching for Surrey Sinners : RHP Tomás Silva
Batting: RHB Neil Weeks 0-0: Ball
1-0: Foul Ball, location: 2F
1-1: Foul Ball, location: 2F
1-2: Strikes out swinging
Batting: RHB Juan Carlos 0-0: Ball
1-0: Ball
2-0: Called Strike
2-1: Ball
3-1: Foul Ball, location: 2F
3-2: Strikes out swinging
Batting: LHB Jon Rogers 0-0: Called Strike
0-1: Foul Ball, location: 2F
0-2: Fly out, F9 (Flyball, 9M)
Top of the 5th over - 0 run(s), 0 hit(s), 0 error(s), 0 left on base; Jasper 2 - Surrey 0
BOTTOM OF THE 5TH
Surrey Sinners batting - Pitching for Jasper Cougars : RHP Pancho Hernández
Batting: LHB Patrick Ferguson 0-0: Called Strike
0-1: Foul Ball, location: 2F
0-2: Ball
1-2: Ball
2-2: Strikes out looking
Batting: LHB Tony Smith 0-0: Swinging Strike
0-1: Ball
1-1: Called Strike
1-2: Strikes out looking
Batting: LHB José Blanco 0-0: SINGLE (Groundball, 56)
Batting: RHB Ryan Parrish 0-0: Ball
1-0: DOUBLE (Groundball, 5L)
José Blanco to third
Runner from 3rd tries for Home, SAFE, no throw or cutoff
Batting: RHB Augusto Trevino 0-0: Fly out, F9 (Flyball, 89M)
Bottom of the 5th over - 1 run(s), 2 hit(s), 0 error(s), 1 left on base; Jasper 2 - Surrey 1
TOP OF THE 6TH
Jasper Cougars batting - Pitching for Surrey Sinners : RHP Tomás Silva
Batting: RHB Jorge Romero 0-0: Ball
1-0: Called Strike
1-1: Ball
2-1: Ball
3-1: Swinging Strike
3-2: Strikes out looking
Batting: RHB George Reeves 0-0: Called Strike
0-1: Swinging Strike
0-2: Strikes out swinging
Batting: LHB Kyle Harrison 0-0: Called Strike
0-1: Called Strike
0-2: Strikes out swinging
Top of the 6th over - 0 run(s), 0 hit(s), 0 error(s), 0 left on base; Jasper 2 - Surrey 1
BOTTOM OF THE 6TH
Surrey Sinners batting - Pitching for Jasper Cougars : RHP Pancho Hernández
Batting: RHB Jamie Swyers Single, Error in OF, E7, batter to second base
Batting: RHB Marcos Liñares 0-0: Ball
1-0: Ball
Jamie Swyers is caught stealing 3rd base
2-0: Called Strike
2-1: Ball
3-1: Base on Balls
Batting: RHB Cooper Richard 0-0: Ball
1-0: Foul Ball, location: 2F
1-1: Foul Ball, location: 2F
1-2: Foul Ball, location: 2F
1-2: Ball
2-2: Foul Ball, location: 2F
2-2: Ball
3-2: Strikes out looking
Batting: RHB Daniel Santiago 0-0: Called Strike
0-1: Swinging Strike
0-2: Ball
1-2: Ball
2-2: Strikes out swinging
Bottom of the 6th over - 0 run(s), 1 hit(s), 1 error(s), 1 left on base; Jasper 2 - Surrey 1
TOP OF THE 7TH
Jasper Cougars batting - Pitching for Surrey Sinners : RHP Tomás Silva
Pitching: RHP Juan Fonseca
Batting: LHB Jon Scott 0-0: Called Strike
0-1: Ball
1-1: Foul Ball, location: 2F
1-2: Strikes out swinging
Batting: SHB Carlos Córdova 0-0: Ball
1-0: Called Strike
1-1: SINGLE (Line Drive, 4MD)
Pinch Hitting: LHB António Camacho 0-0: Called Strike
0-1: Ball
1-1: Swinging Strike
1-2: Strikes out swinging
Batting: RHB Neil Weeks 0-0: Ball
1-0: Ball
2-0: Ball
3-0: Called Strike
3-1: Swinging Strike
3-2: Strikes out looking
Top of the 7th over - 0 run(s), 1 hit(s), 0 error(s), 1 left on base; Jasper 2 - Surrey 1
BOTTOM OF THE 7TH
Surrey Sinners batting - Pitching for Jasper Cougars : RHP Pancho Hernández
Pitching: RHP Chris Schultz
Now in LF: António Camacho
Batting: LHB Patrick Ferguson 0-0: Called Strike
0-1: Called Strike
0-2: Ball
1-2: Strikes out swinging
Batting: LHB Tony Smith 0-0: Swinging Strike
0-1: Swinging Strike
0-2: Foul Ball, location: 2F
0-2: Ball
1-2: Strikes out looking
Batting: LHB José Blanco 0-0: Called Strike
0-1: Ground out 6-3 (Groundball, 6)
Bottom of the 7th over - 0 run(s), 0 hit(s), 0 error(s), 0 left on base; Jasper 2 - Surrey 1
TOP OF THE 8TH
Jasper Cougars batting - Pitching for Surrey Sinners : RHP Juan Fonseca
Batting: RHB Juan Carlos 0-0: Ball
1-0: Called Strike
1-1: Called Strike
1-2: Strikes out looking
Batting: LHB Jon Rogers 0-0: Ground out 1-3 (Groundball, 23)
Batting: RHB Jorge Romero 0-0: Ball
1-0: Ball
2-0: Ball
3-0: Called Strike
3-1: Foul Ball, location: 2F
3-2: Base on Balls
Batting: RHB George Reeves 0-0: Called Strike
0-1: Called Strike
0-2: Foul Ball, location: 2F
0-2: Strikes out looking
Top of the 8th over - 0 run(s), 0 hit(s), 0 error(s), 1 left on base; Jasper 2 - Surrey 1
BOTTOM OF THE 8TH
Surrey Sinners batting - Pitching for Jasper Cougars : RHP Chris Schultz
Pitching: RHP Ernesto Mendoza
Batting: RHB Ryan Parrish 0-0: Ball
1-0: Called Strike
1-1: Called Strike
1-2: Foul Ball, location: 2F
1-2: Ball
2-2: Foul Ball, location: 2F
2-2: Strikes out swinging
Batting: RHB Augusto Trevino 0-0: Ball
1-0: Ball
2-0: SINGLE (Flyball, 8RS)
Pinch Hitting: RHB Ramón Molina 0-0: SINGLE (Groundball, 4D)
Augusto Trevino to second
Throwing error, E9
Augusto Trevino scores
Ramón Molina to second
Pinch Hitting: RHB Víctor Arredondo 0-0: Called Strike
0-1: Ball
1-1: Called Strike
1-2: Ball
2-2: Ground out 6-3 (Groundball, 6)
Batting: RHB Cooper Richard 0-0: Ball
1-0: Ground out 6-3 (Groundball, 6)
Bottom of the 8th over - 1 run(s), 2 hit(s), 1 error(s), 1 left on base; Jasper 2 - Surrey 2
TOP OF THE 9TH
Jasper Cougars batting - Pitching for Surrey Sinners : RHP Juan Fonseca
Pitching: RHP Sergio Chávez
Now at 2B: Clint Younger
Now at SS: Clarence Harrison
Batting: LHB Kyle Harrison 0-0: Swinging Strike
0-1: Foul Ball, location: 2F
0-2: Ball
1-2: Ground out 4-3 (Groundball, 4)
Batting: LHB Jon Scott 0-0: Called Strike
0-1: Ball
1-1: Ball
2-1: Foul Ball, location: 2F
2-2: Strikes out swinging
Pinch Hitting: RHB David Hernández 0-0: Ball
1-0: Fly out, F9 (Line Drive, 9S)
Top of the 9th over - 0 run(s), 0 hit(s), 0 error(s), 0 left on base; Jasper 2 - Surrey 2
BOTTOM OF THE 9TH
Surrey Sinners batting - Pitching for Jasper Cougars : RHP Ernesto Mendoza
Now at SS: David Hernández
Pinch Hitting: RHB Jesús Lara 0-0: Ball
1-0: Called Strike
1-1: Ball
2-1: SINGLE (Flyball, 9LM)
Batting: LHB Patrick Ferguson 0-0: Foul Ball, location: 2F
0-1: Swinging Strike
0-2: Ball
1-2: Strikes out looking
Batting: LHB Tony Smith 0-0: Called Strike
0-1: Ball
1-1: Ball
2-1: Ball
3-1: Base on Balls
Jesús Lara to second
Batting: LHB José Blanco 0-0: Ball
Jesús Lara steals 3rd base
Tony Smith to second
1-0: Intentional Walk
Batting: RHB Ryan Parrish 0-0: Ball
1-0: Ball
Wild Pitch!
Jesús Lara scores
This league is powered by Out of the Park Baseball, the baseball management simulation game for PC, Mac and Linux
Tuesday, August 2nd, 2016 - OOTP Baseball 16.8 Build 38